 Dungeon Crawl Stone Soup version 0.19-a0-1166-g02d67b9 (webtiles) character file.

56 Gagarin the Digger (level 3, -1/19 HPs)
             Began as a Gargoyle Earth Elementalist on Aug 14, 2016.
             Slain by an adder (3 damage)
             ... on level 2 of the Dungeon.
             The game lasted 00:06:07 (1548 turns).

Gagarin the Digger (Gargoyle Earth Elementalist)    Turns: 1548, Time: 00:06:08

Health: -1/19      AC:  5    Str: 11    XL:     3   Next: 95%
Magic:  3/6        EV: 12    Int: 16    God:
Gold:   52         SH:  0    Dex: 10    Spells: 2 memorised, 3 levels left

rFire  . . .     SeeInvis .     h - +0 whip
rCold  . . .     Gourm    .     c - +0 robe
rNeg   + . .     Faith    .     (no shield)
rPois  ∞         Spirit   .     (no helmet)
rElec  +         Dismiss  .     (no cloak)
rCorr  .         Reflect  .     (no gloves)
MR     .....     Harm     .     (no boots)
Stlth  ++........               (no amulet)
                                (no ring)
                                (no ring)

@: very slightly contaminated
A: negative energy resistance 1, electricity resistance, unbreathing,
petrification resistance, rot immunity, AC +3
a: no special abilities


You were on level 2 of the Dungeon.
You were not hungry.

You visited 1 branch of the dungeon, and saw 2 of its levels.

You collected 52 gold pieces.

Inventory:

Hand Weapons
 h - a +0 whip (weapon)
Missiles
 b - 78 stones
 g - 11 poisoned needles
 k - 5 javelins of returning (quivered)
 o - 7 curare-tipped needles
Armour
 c - a +0 robe (worn)
Jewellery
 m - a +3 ring of dexterity {unknown}
Scrolls
 a - a scroll of noise {unknown}
 i - a scroll of identify {unknown}
 j - a scroll of enchant weapon {unknown}
 n - a scroll of magic mapping {unknown}
 p - a scroll of blinking {unknown}
 r - a scroll of teleportation {unknown}
 s - a scroll of fog {unknown}
Potions
 f - a potion of degeneration {unknown}
 l - a potion of haste {unknown}
Books
 e - a book of Geomancy

   Spells                             Type                      Level
   a - Sandblast                      Earth                        1
   b - Passwall                       Transmutation/Earth          2
   c - Stone Arrow                    Conjuration/Earth            3
   d - Petrify                        Transmutation/Earth          4
   e - Lee's Rapid Deconstruction     Earth                        5
Comestibles
 d - 2 bread rations
 q - a chunk of flesh


   Skills:
 + Level 0.2 Fighting
 + Level 0.2 Maces & Flails
 + Level 0.3 Throwing
 + Level 1.9 Dodging
 + Level 2.5 Stealth
 + Level 2.5 Spellcasting
   Level 0.7 Transmutations
 + Level 4.4 Earth Magic


You had 3 spell levels left.
You knew the following spells:

 Your Spells              Type           Power        Failure   Level  Hunger
a - Sandblast             Erth           ###...       3%          1    #......
b - Stone Arrow           Conj/Erth      #.....       28%         3    ###....


Dungeon Overview and Level Annotations

Branches:
Dungeon (2/15)

Altars:


Innate Abilities, Weirdness & Mutations

You are resistant to torment.
Your stone body is resilient. (AC +3)
You are immune to poison.
You resist negative energy. (rN+)
You are resistant to electric shocks. (rElec)
You can survive without breathing.
You are immune to petrification.
You are immune to rotting.


Message History

The adder is almost dead.
The adder misses you. The adder barely misses you.
You miss the adder.
The adder is almost dead.
The adder barely misses you.
You barely miss the adder.
The adder is almost dead.
The adder bites you but does no damage.
You miss the adder.
The adder is almost dead.
The adder bites you. x2
* * * LOW HITPOINT WARNING * * *
You barely miss the adder.
The adder is almost dead.
The adder bites you.
* * * LOW HITPOINT WARNING * * *
You closely miss the adder.
The adder is almost dead.
The adder bites you.
You die...

.. #.# ...#..
#..##.### #......
#...... #...... ###
# #......
.....######[#
#......
....gKS@....#
#......
...)####.####
###...... . #...#
##)....... ###.#
##..#......
#.###..##......
#.....######...
...###[.#### ##.....
#..>.....####..#...
....####..#....##...


You could see an adder, a goblin and a kobold.

Vanquished Creatures
  An adder (D:2)
  A gnoll (D:1)
  7 bats
  2 giant cockroaches
  4 goblins
  5 hobgoblins
  3 jackals (D:1)
  4 giant newts
  4 kobolds
  4 rats (D:1)
35 creatures vanquished.

Notes
Turn   | Place    | Note
-------+----------+-------------------------------------------
     0 | D:1      | Gagarin the Gargoyle Earth Elementalist began the quest for the Orb.
     0 | D:1      | Reached XP level 1. HP: 10/10 MP: 3/3
   123 | D:1      | Reached skill level 4 in Earth Magic
   123 | D:1      | Reached XP level 2. HP: 8/15 MP: 0/5
   826 | D:1      | Reached XP level 3. HP: 12/19 MP: 0/6
  1213 | D:1      | Learned a level 3 spell: Stone Arrow
  1548 | D:2      | Slain by an adder

Vault maps used:
D:1:      dpeg_arrival_round_a
D:2:      overflow_temple_1_default, okawaru_gym_becter

Skill      XL: |  1 |
---------------+----+-----
Earth Magic    | 4 |  4.4
Fighting       | |  0.2
Maces & Flails | |  0.2
Throwing       | |  0.3
Dodging        | |  1.9
Stealth        | |  2.5
Spellcasting   | |  2.5
Transmutations | |  0.7

Action                   || total
-------------------------++-------
Melee: Unarmed           ||     6
       Whip              ||    75
Throw: Stone             ||     8
       Javelin           ||     3
 Cast: Sandblast         ||    29
       Stone Arrow       ||     6
 Stab: Sleeping          ||     1
  Eat: Chunk             ||     3
Armor: Robe              ||    47
Dodge: Dodged            ||    85
